 Dungeon Crawl Stone Soup version 0.30-a0-824-g6c64550be9 (webtiles) character file.

Game seed: 15033283708647572254

46 Nacht the Sneak (level 3, -2/28 HPs)
             Began as a Naga Earth Elementalist on Feb 27, 2023.
             Was a Follower of Okawaru.
             Slain by a quokka (4 damage)
             ... on level 2 of the Dungeon.
             The game lasted 00:01:50 (1337 turns).

Nacht the Sneak (Naga Earth Elementalist)           Turns: 1337, Time: 00:01:50

Health: -2/28      AC:  2    Str: 10    XL:     3   Next: 68%
Magic:  0/6        EV:  9    Int: 17    God:    Okawaru [*.....]
Gold:   50         SH:  0    Dex: 11    Spells: 5/6 levels left

rFire   . . .      SeeInvis +    (no weapon)
rCold   . . .      Faith    .    (no shield)
rNeg    . . .      Spirit   .    a - +0 robe
rPois   +          Reflect  .    (no helmet)
rElec   .          Harm     .    (no cloak)
rCorr   .          Rampage  .    (no gloves)
Will    .....                    (no barding)
Stlth   ++                       (no amulet)
HPRegen 0.24/turn                (no ring)
MPRegen 0.10/turn                (no ring)

@: very slow
A: AC +1, large, see invisible, deformed body, poison resistance, slowness 2,
spit poison 1, naga tail 1
a: Spit Poison, Renounce Religion, Heroism


You were on level 2 of the Dungeon.
You worshipped Okawaru.
Okawaru was aware of your devotion.
You visited 1 branch of the dungeon, and saw 2 of its levels.

You collected 50 gold pieces.

Inventory:

Armour
 a - a +0 robe (worn)
Scrolls
 d - a scroll of teleportation {unknown}
 e - a scroll of identify {unknown}
 g - a scroll of enchant armour {unknown}
Potions
 b - a potion of magic
 c - 2 potions of berserk rage {unknown}
 f - a potion of resistance {unknown}
 h - a potion of degeneration {unknown}


   Skills:
 - Level 1.5 Dodging
 + Level 3.5 Stealth
 * Level 2.4 Spellcasting
 * Level 1.6 Conjurations
 - Level 1.0 Transmutations
 * Level 3.5 Earth Magic


You had 5 spell levels left.
You knew the following spells:

 Your Spells              Type           Power      Damage    Failure   Level
a - Sandblast             Erth           28%        2d8       4%          1

Your spell library contained the following spells:

 Spells                   Type           Power      Damage    Failure   Level
 Passwall                 Tmut/Erth      7%         N/A       11%         2
 Stone Arrow              Conj/Erth      20%        3d8       19%         3
 Petrify                  Tmut/Erth      9%         N/A       58%         4
 Borgnjor's Vile Clutch   Necr/Erth      4%         N/A       94%         5
 Alistair's Intoxication  Tmut/Pois      2%         N/A       99%         5
 Eringya's Noxious Bog    Tmut/Pois      1%         N/A       100%        6


Dungeon Overview and Level Annotations

Branches:
Dungeon (2/15)

Altars:
Okawaru

Shops:
D:2 ?


Innate Abilities, Weirdness & Mutations

Your serpentine skin is tough. (AC +1)
You have supernaturally acute eyesight. (SInv)
Armour fits poorly on your strangely shaped body.
Your system is resistant to poisons. (rPois)
You cover ground very slowly.
You can spit poison.
You have a snake-like lower body.


Message History

Confirm with . or Enter, or press ? or * to list all spells.
Aiming: Sandblast (safe; 4% risk of failure)
Press: ? - help, Shift-Dir - straight line, f - frilled lizard
Aim: a frilled lizard (70% to hit)
The blast of sand hits the frilled lizard!
You kill the frilled lizard!
Okawaru accepts your kill. The quokka closely misses you.
Casting: Sandblast (safe; 4% risk of failure)
Confirm with . or Enter, or press ? or * to list all spells.
You don't have enough magic to cast this spell.
The quokka completely misses you.
You barely miss the quokka. The quokka bites you.
You barely miss the quokka. The quokka bites you. x2
You hit the quokka but do no damage.
The quokka bites you but does no damage.
You hit the quokka but do no damage. The quokka bites you.
You hit the quokka but do no damage. The quokka bites you.
Casting: Sandblast (safe; 4% risk of failure)
Confirm with . or Enter, or press ? or * to list all spells.
You don't have enough magic to cast this spell.
The quokka barely misses you.
Okay, then.
Casting: Sandblast (safe; 4% risk of failure)
Confirm with . or Enter, or press ? or * to list all spells.
Aiming: Sandblast (safe; 4% risk of failure)
Press: ? - help, Shift-Dir - straight line, f - quokka
Aim: a quokka (75% to hit)
The blast of sand misses the quokka.
The quokka bites you.
* * * LOW HITPOINT WARNING * * *
The quokka bites you.
* * * LOW HITPOINT WARNING * * *
Casting: Sandblast (safe; 4% risk of failure)
Confirm with . or Enter, or press ? or * to list all spells.
You don't have enough magic to cast this spell.
You closely miss the quokka. The quokka barely misses you.
You closely miss the quokka. The quokka bites you.
* * * LOW HITPOINT WARNING * * *
The quokka bites you.
You die...

#. ###. ### ... ..##
#..#### ...## ...)...
....### ....# ......
#####.†..#
....##..######..@r...!#
....# #.....<..###...##
....########.#####...#
...#....).†.........†..
..<..####................
..........########.####..
########### .# . .#


You could see a quokka.

Vanquished Creatures
  An adder (D:2)
  5 bats
  6 endoplasms
  2 giant cockroaches (D:1)
  4 hobgoblins
  A quokka (D:1)
  5 ball pythons
  3 frilled lizards
  5 goblins (D:1)
  A kobold (D:2)
  A rat (D:1)
  A spectral kobold (D:1)
35 creatures vanquished.

Notes
Turn   | Place    | Note
-------+----------+-------------------------------------------
     0 | D:1      | Nacht the Naga Earth Elementalist began the quest for the
                  | Orb.
     0 | D:1      | Reached XP level 1. HP: 15/15 MP: 3/3
   128 | D:1      | Reached XP level 2. HP: 21/22 MP: 3/5
   306 | D:1      | Reached skill level 1 in Conjurations
   795 | D:1      | Reached XP level 3. HP: 27/28 MP: 2/6
   932 | D:1      | Found a faded altar of an unknown god.
  1183 | D:1      | Prayed at the altar of an unknown god.
  1183 | D:1      | Became a worshipper of Warmaster Okawaru
  1183 | D:1      | Reached * piety under Okawaru
  1229 | D:2      | Found Qotu's Magic Scroll Emporium.
  1337 | D:2      | Slain by a quokka

Illustrated notes

Levels and vault maps discovered:
D:1:      lemuel_arrival_rhombus, layout_basic,
          dreamdust_ecumenical_altar_drowned_temple
D:2:      layout_rooms, serial_shops, nicolae_shop_waterfront,
          small_statue_intersection, uniq_sigmund

Skill      XL: |  1  2 |
---------------+-------+-----
Conjurations   | 1 |  1.6
Dodging        | |  1.5
Stealth        | |  3.5
Spellcasting   | |  2.4
Transmutations | |  1.0
Earth Magic    | |  3.5

Action                     || total
---------------------------++-------
  Melee: Unarmed           ||     9
   Cast: Sandblast         ||    45
 Armour: Robe              ||     7
  Dodge: Dodged            ||    12

Table legend: (Time is in decaauts)
 A = Elapsed time spent in this place.
 B = Non-inter-level travel time spent in this place.
 C = Inter-level travel time spent in this place.
 D = Time resting spent in this place.
 E = Time spent auto-exploring this place.
 F = Levels seen in this place.
 G = Mean time per level.
                   A        B        C        D        E       F      G
               +--------+--------+--------+--------+--------+-----+--------+
         Total |   1711 |   1556 |    155 |      0 |   1317 |   2 |  855.5 |
       Dungeon |   1711 |   1556 |    155 |      0 |   1317 |   2 |  855.5 |
               +--------+--------+--------+--------+--------+-----+--------+

Top non-repeatable levels by time:
     D:1: 1558 daAuts
     D:2: 152 daAuts
